 Seeded DCSS version 0.29.1-2-gbd0b4ee654 (webtiles) character file.

Game seed: 1 (custom seed)

102 Kazon the Trooper (level 4, 0/73 HPs)
             Began as an Ogre Berserker on Nov 25, 2022.
             Was a Believer of Trog.
             Slain by an orc
             ... wielding a +0 club
              (4 damage)
             ... on level 3 of the Dungeon.
             The game lasted 00:06:41 (1824 turns).

Kazon the Trooper (Ogre Berserker)                  Turns: 1824, Time: 00:06:42

Health: 0/73       AC:  3    Str: 21    XL:     4   Next: 77%
Magic:  4/4        EV: 10    Int:  8    God:    Trog [**....]
Gold:   35         SH:  0    Dex: 10    Spells: 3/3 levels left

rFire   . . .      SeeInvis .   s - +3 falchion of Winter {venom, rCorr}
rCold   . . .      Faith    .   (no shield)
rNeg    + . .      Spirit   .   b - +0 animal skin
rPois   .          Reflect  .   (helmet restricted)
rElec   .          Harm     .   (no cloak)
rCorr   +          Rampage  .   (gloves unavailable)
Will    .....                   (boots unavailable)
Stlth   ..........              c - amulet of the acrobat
HPRegen 0.22/turn               n - ring of positive energy
MPRegen 0.09/turn               (no ring)

@: berserking, very quick
A: large, unfitting armour, tough skin 1
a: Renounce Religion, Berserk, Trog's Hand


You were on level 3 of the Dungeon.
You worshipped Trog.
Trog was pleased with you.
You visited 1 branch of the dungeon, and saw 3 of its levels.

You collected 219 gold pieces.
You spent 184 gold pieces at shops.

Inventory:

Hand Weapons
 a - a +0 falchion
 e - a +2 dagger of venom
 q - a +4 mace of draining
 s - the +3 falchion of Winter (weapon) {venom, rCorr}
   (You bought it in a shop on level 3 of the Dungeon)

   It poisons the flesh of those it strikes.
   rCorr:     It protects you from acid and corrosion.
Missiles
 h - 21 stones (quivered)
 l - 3 boomerangs
Armour
 b - a +0 animal skin (worn)
Jewellery
 c - an amulet of the acrobat (around neck)
 n - a ring of positive energy (left hand)
Scrolls
 i - 6 scrolls of identify {unknown}
 j - a scroll of immolation {unknown}
 k - a scroll of fog {unknown}
Potions
 d - a potion of haste {unknown}
 f - a potion of attraction {unknown}
 g - 2 potions of berserk rage {unknown}
 m - a potion of flight {unknown}


   Skills:
 + Level 4.8 Fighting
 + Level 3.1 Long Blades
 + Level 2.1 Maces & Flails
 * Level 0.4 Throwing
 + Level 3.1 Dodging
 + Level 0.2 Stealth


You had 3 spell levels left.
You didn't know any spells.
Your spell library was empty.

Dungeon Overview and Level Annotations

Branches:
Dungeon (3/15)

Altars:

Shops:
D:3 (


Innate Abilities, Weirdness & Mutations

You are too large for most types of armour.
You have tough skin. (AC +1)


Message History

The orc is lightly wounded.
An orc comes into view. It is wielding a +0 mace.
An orc comes into view. It is wielding a +0 club.
Throw: 22 stones
Press: ? - help, Q - select action, (/) - cycle Shift-Dir - straight line, f/p - orc
Aim: an orc, wielding a +1 dagger of holy wrath and wearing a +0 leather armour (moderately wounded, 57% to hit)
You throw a stone. The stone barely misses the orc.
The stone closely misses the orc.
The orc shouts!
The stone hits the orc.
The orc is lightly wounded.
The orc completely misses you.
You hit the orc.
The orc is poisoned.
The orc is severely wounded.
The orc hits you with a +1 dagger of holy wrath. x2
The orc hits you with a +0 club.
You hit the orc.
You kill the orc!
Trog accepts your kill. The orc hits you but does no damage.
An orc priest comes into view. It is wielding a +0 flail.
You closely miss the orc. The orc hits you with a +0 club.
The orc hits you with a +0 mace.
The orc priest shouts!
You hit the orc.
The orc is heavily wounded.
The orc hits you with a +0 mace. The orc hits you with a +0 club.
You closely miss the orc. The orc hits you with a +0 mace.
The orc hits you with a +0 club.
An orc priest opens the door.
You hit the orc.
You kill the orc!
Trog accepts your kill. The orc barely misses you.
The orc priest calls down the wrath of Beogh upon you.
Beogh smites you!
* * * LOW HITPOINT WARNING * * *
A red film seems to cover your vision as you go berserk!
You feel yourself moving faster!
You feel mighty! The orc hits you with a +0 club.
You die...

.# ##########.....## ##
#...............#
#................####
#....................
#.............#......
#.^...........#....
#.............#...
#..........#.#o#.#.#.
#............@o.o....
####..........#.##'##.#.
................# .#
...†..........#.+ +
........#..#.#..#
.#.#.#.#.#.#..#.#
...........##.....
##.#.#.#.#.# ##.#.#
#..........# #####


You could see an orc priest and 2 orcs.

Vanquished Creatures
  3 gnolls (D:2)
  2 adders (D:2)
  A worm (D:2)
  2 orcs (D:3)
  9 endoplasms
  A giant cockroach (D:1)
  7 goblins
  6 hobgoblins
  3 kobolds
  A quokka (D:1)
  2 ball pythons (D:2)
  3 bats
  3 frilled lizards
  5 rats
48 creatures vanquished.

Notes
Turn   | Place    | Note
-------+----------+-------------------------------------------
     0 | D:1      | Kazon the Ogre Berserker began the quest for the Orb.
     0 | D:1      | Reached XP level 1. HP: 24/24 MP: 1/1
    32 | D:1      | Identified a scroll of acquirement
    32 | D:1      | Acquired a +4 mace of draining
   122 | D:1      | Reached XP level 2. HP: 32/32 MP: 2/2
   721 | D:2      | Reached XP level 3. HP: 40/40 MP: 3/3
   742 | D:2      | Reached skill level 1 in Maces & Flails
  1056 | D:2      | Reached ** piety under Trog
  1117 | D:2      | Reached XP level 4. HP: 33/49 MP: 4/4
  1584 | D:3      | Found Umat's Antique Weapon Boutique.
  1593 | D:3      | Bought a crude falchion for 184 gold pieces
  1593 | D:3      | Identified the +3 falchion of Winter {venom, rCorr} (You
                  | bought it in a shop on level 3 of the Dungeon)
  1823 | D:3      | HP: 2/49 [orc priest/divine providence (13)]
  1824 | D:3      | Slain by an orc

Illustrated notes

Levels and vault maps discovered:
D:1:      dpeg_arrival_three_smaller_balls, layout_basic
D:2:      layout_loops_ring
D:3:      layout_basic, serial_shops, nicolae_shop_stone, st_stairs_9,
          minmay_misc_feat_doors, eino_curves_03, uniq_robin

Skill      XL: |  1  2  3  4 |
---------------+-------------+-----
Long Blades    | 3 |  3.1
Maces & Flails | 1 2 |  2.1
Dodging        | 3 |  3.1
Fighting       | |  4.8
Throwing       | |  0.4
Stealth        | |  0.2

Action                   |  1- 3 |  4- 6 || total
-------------------------+-------+-------++-------
Melee: Mace              |    57 |    17 ||    74
       Falchion          |     3 |    20 ||    23
Throw: Stone             |       |     5 ||     5
Invok: Berserk           |       |     1 ||     1
  Use: Scroll            |     1 |       ||     1
 Stab: Sleeping          |       |     1 ||     1
Armor: Animal skin       |    18 |     4 ||    22
Dodge: Dodged            |    46 |    20 ||    66
